 Dungeon Crawl Stone Soup version 0.28-a0-1236-gb25a51b929 (webtiles) character file.

Game seed: 15421803592291709371

1374 Gildeon the Cleaver (level 8, 0/67 HPs)
             Began as a Minotaur Fighter on Dec 25, 2021.
             Was an Initiate of Okawaru.
             Slain by an orc wizard (2 damage)
             ... on level 6 of the Dungeon.
             The game lasted 00:10:06 (5179 turns).

Gildeon the Cleaver (Minotaur Fighter)              Turns: 5179, Time: 00:10:06

Health: 0/67       AC: 13    Str: 22    XL:     8   Next: 39%
Magic:  7/7        EV:  8    Int:  5    God:    Okawaru [......]
Gold:   168        SH:  0    Dex: 11    Spells: 7/7 levels left

rFire   . . .      SeeInvis .   a - +0 war axe
rCold   . . .      Faith    .   c - +0 buckler
rNeg    . . .      Spirit   .   o - +0 chain mail
rPois   .          Reflect  .   (helmet restricted)
rElec   .          Harm     .   (no cloak)
rCorr   .          Rampage  .   (no gloves)
Will    .....                   (no boots)
Stlth   ..........              k - amulet of the acrobat
HPRegen 0.21/turn               m - +4 ring of protection
MPRegen 0.10/turn               (no ring)

@: confused
A: horns 2, retaliatory headbutt
a: Renounce Religion


You were on level 6 of the Dungeon.
You worshipped Okawaru.
Okawaru was noncommittal.
You visited 2 branches of the dungeon, and saw 7 of its levels.

You collected 168 gold pieces.

Inventory:

Hand Weapons
 a - a +0 war axe (weapon)
 r - a +1 flail of distortion
Armour
 c - a +0 buckler (worn)
 o - a +0 chain mail (worn)
Jewellery
 k - an amulet of the acrobat (around neck)
 m - a +4 ring of protection (left hand)
Scrolls
 b - a scroll of brand weapon {unknown}
 g - a scroll of blinking {unknown}
 i - 3 scrolls of fear
 l - 5 scrolls of teleportation {unknown}
 q - a scroll of identify {unknown}
Potions
 d - a potion of might
 e - 2 potions of flight {unknown}
 f - 2 potions of curing {unknown}
 h - 2 potions of cancellation {unknown}
 j - 2 potions of heal wounds {unknown}
 n - a potion of ambrosia {unknown}
 p - a potion of berserk rage {unknown}
 s - a potion of lignification {unknown}
 t - 2 potions of mutation {unknown}
 u - 2 potions of brilliance {unknown}


   Skills:
 + Level 4.8 Fighting
 * Level 11.1 Axes
 + Level 4.8 Armour
 + Level 2.6 Dodging
 - Level 4.0 Shields


You had 7 spell levels left.
You didn't know any spells.
Your spell library contained the following spells:

 Spells                   Type           Power      Damage    Failure   Level
 Malign Gateway           Summ/Tloc      Unusable   N/A       N/A         7
 Summon Horrible Things   Summ           Unusable   N/A       N/A         8

Dungeon Overview and Level Annotations

Branches:
Dungeon (6/15)             Temple (1/1) D:4

Altars:
Ashenzari
Cheibriados
Elyvilon
Fedhas
Gozag
Makhleb
Nemelex Xobeh
Okawaru
Qazlal
Ru
Vehumet
Xom
Yredelemnul

Shops:
D:1 (


Innate Abilities, Weirdness & Mutations

You have a pair of horns on your head.
You reflexively headbutt those who attack you in melee.


Message History

The orc wizard gestures wildly while chanting.
The orc wizard flickers and vanishes!
A magic dart appears from out of thin air!
The magic dart hits you but does no damage.
The orc warrior barely misses you. The orc priest closely misses you.
The orc wizard barely misses you.
You hear some strange, mumbled words.
A magic dart appears from out of thin air!
The magic dart hits you but does no damage.
The orc priest hits you but does no damage.
Things that are here:
a +0 dagger; a +0 robe; an orc corpse The orc wizard casts a spell at you.
You are more confused.
The orc warrior hits you but does no damage.
You closely miss the orc warrior. You hit the orc priest. You miss something.
The orc warrior hits you with a +0 hand axe.
The orc priest looks satisfied for a moment.
Something hits you. Something burns you.
Unknown command.
You miss something. Your headbutt misses something.
You barely miss the orc warrior. You miss the orc priest.
The orc warrior hits you with a +0 hand axe!
* * * LOW HITPOINT WARNING * * *
The orc priest looks satisfied for a moment.
Something hits you.
* * * LOW HITPOINT WARNING * * *
Something burns you.
* * * LOW HITPOINT WARNING * * *
You hit the orc priest but do no damage.
The orc priest is moderately wounded.
You miss something. You hit the orc warrior.
The orc warrior hits you with a +0 hand axe.
* * * LOW HITPOINT WARNING * * *
The orc priest calls upon Beogh to heal the orc warrior.
The orc warrior's wounds heal themselves!
Something hits you.
* * * LOW HITPOINT WARNING * * *
Something burns you.
You die...

## . .## ..# #.#
#.# #.#
#######@##
......oo.#
#######oo#
......o.o......#
########.#>(...#
........#
#.##..#/# #.#
..# # ..# .#


You could see an orc warrior, an orc priest, 2 orc wizards and 2 orcs.

Vanquished Creatures
  Prince Ribbit (D:5)
  Grinder (D:4)
  A necrophage (D:5)
  An ogre (D:4)
  Blork the orc (D:5)
  A bullfrog (D:4)
  3 scorpions
  A hound (D:5)
  4 orc priests
  A centaur skeleton (D:4)
  An iguana (D:4)
  5 orc wizards
  A hound skeleton (D:5)
  3 gnolls (D:3)
  4 adders
  An ufetubus (D:5)
  A dart slug (D:2)
  16 orcs
  4 endoplasms
  4 giant cockroaches
  8 hobgoblins
  11 jackals
  3 kobolds
  A quokka (D:1)
  5 ball pythons
  8 bats
  2 frilled lizards
  5 goblins
  5 rats
103 creatures vanquished.

Notes
Turn   | Place    | Note
-------+----------+-------------------------------------------
     0 | D:1      | Gildeon the Minotaur Fighter began the quest for the Orb.
     0 | D:1      | Reached XP level 1. HP: 19/19 MP: 0/0
    43 | D:1      | Reached skill level 3 in Axes
    75 | D:1      | Reached XP level 2. HP: 22/26 MP: 1/1
   222 | D:1      | Found Casanaub's Antique Weapon Boutique.
  1011 | D:2      | Reached skill level 4 in Axes
  1134 | D:2      | Reached XP level 3. HP: 29/31 MP: 2/2
  1185 | D:2      | Reached skill level 5 in Axes
  1239 | D:2      | Reached XP level 4. HP: 23/39 MP: 3/3
  1516 | D:2      | Found a faded altar of an unknown god.
  1589 | D:2      | Found a sparkling altar of Nemelex Xobeh.
  1873 | D:3      | Reached skill level 6 in Axes
  2138 | D:3      | Found a radiant altar of Vehumet.
  2205 | D:3      | Reached XP level 5. HP: 45/45 MP: 4/4
  2218 | D:3      | Reached skill level 7 in Axes
  2357 | D:3      | Reached XP level 6. HP: 41/51 MP: 5/5
  2667 | D:4      | Reached skill level 8 in Axes
  2694 | D:4      | Noticed Grinder
  2702 | D:4      | Paralysed by Grinder for 4 turns
  2711 | D:4      | Paralysed by Grinder for 6 turns
  2724 | D:4      | Paralysed by Grinder for 3 turns
  2730 | D:4      | Killed Grinder
  2731 | D:4      | Reached skill level 9 in Axes
  2731 | D:4      | Reached XP level 7. HP: 24/57 MP: 6/6
  3015 | D:4      | Reached skill level 10 in Axes
  3025 | D:4      | Found a staircase to the Ecumenical Temple.
  3034 | Temple   | Entered the Ecumenical Temple
  3044 | Temple   | Became a worshipper of Warmaster Okawaru
  4339 | D:5      | Entered Level 5 of the Dungeon
  4387 | D:5      | Noticed Prince Ribbit
  4394 | D:5      | Reached skill level 1 in Dodging
  4401 | D:5      | Killed Prince Ribbit
  4402 | D:5      | Reached XP level 8. HP: 13/67 MP: 7/7
  4808 | D:5      | Found a broken altar of Ashenzari.
  4809 | D:5      | Noticed Blork the orc
  4819 | D:5      | Killed Blork the orc
  4820 | D:5      | Reached skill level 11 in Axes
  5021 | D:5      | Found a stormy altar of Qazlal.
  5179 | D:6      | HP: 2/67 [something (4)]
  5179 | D:6      | Slain by an orc wizard

Illustrated notes

Levels and vault maps discovered:
D:1:      lightli_arrival_lavapool, layout_basic, serial_shops,
          nicolae_shop_hallway_stairs
D:2:      layout_basic, basic_altar, ebering_ecumenical_altar_abandoned,
          kennysheep_generic_room_3
D:3:      layout_rooms, vehumet_crystals
D:4:      layout_layer_cave, minmay_temple_entry_antechambers, uniq_grinder
D:5:      layout_rooms, ashenzari_conservatory_becter,
          nicolae_qazlal_scattered_showers, uniq_blork_the_orc,
          uniq_prince_ribbit1
D:6:      layout_loops_ring, mainiacjoe_overflow_alcove_2
Temple:   compressed_dpeg_triangle_lava_temple

Skill      XL: |  1  2  3  4  5  6  7  8 |
---------------+-------------------------+-----
Axes           | 3 4 5 6 7 9 10 11 | 11.1
Armour         | 4 |  4.8
Dodging        | 2 |  2.6
Shields        | 4 |  4.0
Fighting       | 4 |  4.8

Action                   |  1- 3 |  4- 6 |  7- 9 || total
-------------------------+-------+-------+-------++-------
Melee: War axe           |    73 |   113 |    65 ||   251
       Headbutt          |    11 |    15 |    15 ||    41
  Use: Scroll            |       |     1 |       ||     1
       Potion            |       |       |     1 ||     1
Armor: Scale mail        |    38 |     3 |       ||    41
       Chain mail        |       |    62 |    35 ||    97
Dodge: Dodged            |    41 |    52 |    34 ||   127
Block: Buckler           |    14 |    20 |    10 ||    44

Table legend: (Time is in decaauts)
 A = Elapsed time spent in this place.
 B = Non-inter-level travel time spent in this place.
 C = Inter-level travel time spent in this place.
 D = Time resting spent in this place.
 E = Time spent auto-exploring this place.
 F = Levels seen in this place.
 G = Mean time per level.
                   A        B        C        D        E       F      G
               +--------+--------+--------+--------+--------+-----+--------+
         Total |   5219 |   5006 |    213 |      0 |   4247 |   7 |  745.6 |
       Dungeon |   4798 |   4607 |    191 |      0 |   3863 |   6 |  799.7 |
        Temple |    420 |    398 |     22 |      0 |    384 |   1 |  420.0 |
               +--------+--------+--------+--------+--------+-----+--------+

Top non-repeatable levels by time:
     D:4: 1278 daAuts
     D:1: 988 daAuts
     D:3: 951 daAuts
     D:5: 823 daAuts
     D:2: 742 daAuts
  Temple: 420 daAuts
     D:6: 15 daAuts
